 Dungeon Crawl Stone Soup version 0.16-a0-223-g37887f7 (webtiles) character file.

194628 PolkaDot the Unseen (level 17, -9/101 HPs)
             Began as a Vampire Enchanter on Aug 19, 2014.
             Was the Champion of Sif Muna.
             Shot with a bolt by a naga sharpshooter (15 damage)
             ... on Level 4 of the Snake Pit.
             The game lasted 04:04:13 (36489 turns).

PolkaDot the Unseen (Vampire Enchanter)            Turns: 36489, Time: 04:04:13

HP  -9/101       AC 17     Str  7      XL: 17   Next: 68%
MP  17/33        EV 10     Int 21      God: Sif Muna [******]
Gold 453         SH  5     Dex 19      Spells:  9 memorised,  1 level left

rFire  . . .     SeeInvis +     v - +6 dagger (vamp)
rCold  + + +     Clarity  .     U - +0 leather armour {rC+}
rNeg   + + +     rCorr    +     P - +1 buckler {AC+3}
rPois  +         rRot     +     (no helmet)
rElec  .         Spirit   .     n - +2 cloak
SustAb .         Warding  .     m - +3 pair of gauntlets of War {Slay+5}
rMut   .         Stasis   .     d - +2 pair of boots
Gourm  .                        y - amulet of resist corrosion
MR     +....                    z - ring of wizardry
                                C - +4 ring of dexterity

@: very slightly contaminated, regenerating slowly, slowed, constricted,
studying Armour, very slow, somewhat resistant to hostile enchantments,
incredibly stealthy
A: bottle blood, fangs 3, see invisible, unbreathing
a: Bat Form, Bottle Blood, Channel Energy, Forget Spell, Renounce Religion
}: 1/15 runes: decaying


You were on level 4 of the Snake Pit.
You worshipped Sif Muna.
Sif Muna was exalted by your worship.
You were near bloodless.

You visited 5 branches of the dungeon, and saw 33 of its levels.
You also visited: Labyrinth and Ice Cave.

You collected 2360 gold pieces.
You spent 1907 gold pieces at shops.

Inventory:

Hand weapons
 v - a +6 vampiric dagger (weapon)
 I - a +6 dagger of speed
Missiles
 c - 3 throwing nets (quivered)
Armour
 d - a +2 pair of boots (worn)
 m - the +3 pair of gauntlets of War (worn) {Slay+5}
   (You acquired it on level 3 of the Swamp)

   It affects your accuracy and damage with ranged weapons and melee attacks
   (+5).
 n - a +2 cloak (worn)
 P - a +1 buckler of protection (worn)
 U - a +0 leather armour of cold resistance (worn)
Magical devices
 u - a wand of teleportation (3)
 D - a wand of digging (6)
Scrolls
 e - a scroll of identify
 h - a scroll of silence
 i - 2 scrolls of immolation
 k - 2 scrolls of enchant armour
 l - 3 scrolls of magic mapping
 o - a scroll of enchant weapon
 p - 9 scrolls of teleportation
 q - 5 scrolls of amnesia
 r - 11 scrolls of remove curse
 t - 3 scrolls of fog
 x - a scroll of blinking
 G - 10 scrolls of recharging
 N - 5 scrolls of fear
 Q - a scroll of brand weapon
 T - 3 scrolls of vulnerability
 W - a scroll of summoning
Jewellery
 y - an amulet of resist corrosion (around neck)
 z - a ring of wizardry (right hand)
 C - a +4 ring of dexterity (left hand)
 X - an uncursed ring of regeneration
Potions
 a - a potion of flight
 f - 6 potions of brilliance
 g - 2 potions of magic
 s - 11 potions of curing
 w - 2 potions of might
 A - a potion of heal wounds
 B - a potion of resistance
 E - 4 potions of agility
 L - 2 potions of haste
 R - 4 potions of restore abilities
 Y - a potion of invisibility
 Z - a potion of cure mutation {!q}
Books
 b - Ceisub's Collected Works on Flying Orientation
   (You found it in a labyrinth)

   Spells                             Type                      Level
   Shock                              Conjuration/Air              1
   *Apportation                       Translocation                1
   Repel Missiles                     Charms/Air                   2
   Swiftness                          Charms/Air                   2
   Static Discharge                   Conjuration/Air              3
   Recall                             Summoning/Translocation      3
   Control Teleport                   Charms/Translocation         4
   Disjunction                        Translocation                8
 j - a book of the Dragon {god gift}

   Spells                             Type                      Level
   *Flight                            Charms/Air                   3
   Cause Fear                         Hexes                        4
   Bolt of Fire                       Conjuration/Fire             6
   Dragon Form                        Transmutation                7
   *Dragon's Call                     Summoning                    9
 F - a book of the Sky {god gift}

   Spells                             Type                      Level
   *Flight                            Charms/Air                   3
   Airstrike                          Air                          4
   *Silence                           Hexes/Air                    5
   Deflect Missiles                   Charms/Air                   6
   Conjure Ball Lightning             Conjuration/Air              6
   Tornado                            Air                          9
 H - a book of Control

   Spells                             Type                      Level
   Control Teleport                   Charms/Translocation         4
   Control Undead                     Necromancy                   4
   *Enslavement                       Hexes                        4
   Metabolic Englaciation             Hexes/Ice                    5
   Mass Confusion                     Hexes                        6
 K - Sif Muna's Incunabulum of Creative Bewitchment {god gift}
   (Sif Muna gifted it to you on level 5 of the Swamp)

   Spells                             Type                      Level
   Summon Small Mammal                Summoning                    1
   Slow                               Hexes                        2
   Sure Blade                         Hexes/Charms                 2
   Summon Mana Viper                  Hexes/Summoning              5
   Darkness                           Hexes                        7
 M - a manual of
Armour
 O - a book of Wizardry

   Spells                             Type                      Level
   Agony                              Necromancy                   5
   Force Lance                        Conjuration                  5
   Dispersal                          Translocation                6
   Haste                              Charms                       6
   *Invisibility                      Hexes                        6
   Spellforged Servitor               Conjuration/Summoning        7


   Skills:
 - Level 14.2 Short Blades
 - Level 5.2 Armour
 - Level 2.1 Dodging
 - Level 18.3 Stealth
 - Level 9.5 Spellcasting
   Level 8.1 Conjurations
 - Level 17.5 Hexes
 * Level 13.9 Summonings
 - Level 10.1 Ice Magic
 - Level 9.1 Air Magic


You had one spell level left.
You knew the following spells:

 Your Spells              Type           Power        Failure   Level  Hunger
a - Corona                Hex            ######.      0%          1    None
c - Confuse               Hex            ######..     1%          3    None
d - Ensorcelled Hibernat  Hex/Ice        ######       1%          2    None
e - Enslavement           Hex            ######..     1%          4    ##.....
i - Invisibility          Hex            ######..     1%          6    ######.
A - Apportation           Tloc           ##........   7%          1    None
C - Dragon's Call         Summ           ######....   100%        9    #######
F - Flight                Chrm/Air       ####......   4%          3    None
Q - Silence               Hex/Air        ######....   1%          5    ####...


Dungeon Overview and Level Annotations

Branches:
Dungeon (15/15)            Temple (1/1) D:6             Orc (0/4) D:9
   Lair (8/8) D:11          Swamp (5/5) Lair:3        Snake (4/5) Lair:4
  Slime (0/6) Lair:7       Vaults (0/5) D:13         Depths (0/5) D:15

Altars:
Ashenzari
Cheibriados
Dithmenos
Elyvilon
Fedhas
Gozag
Kikubaaqudgha
Makhleb
Nemelex Xobeh
Okawaru
Qazlal
Sif Muna
Trog
Vehumet
Xom
Yredelemnul
Zin
The Shining One

Shops:
D:4 :   D:8 *!(*   D:9 :   D:12 [   Snake:4 *

Portals:
Trove: D:10 (give +4 storm dragon armour)


Innate Abilities, Weirdness & Mutations

You heal slowly.
You can bottle blood from corpses.
You have razor-sharp teeth.
You have supernaturally acute eyesight.
You can survive without breathing.


Message History

The splash of poison hits the naga sharpshooter.
What do you say? t - Shout!
Orders for allies: a - Attack new target. p - Attack previous target. r - Retreat! s - Stop attacking. w - Wait here. f - Follow me.
Anything else - Stay silent.
Gang up on whom?
Press: ? - help, Dir - move target cursor, f - greater naga, p - naga warrior
Aim: a greater naga, wielding a spear and wearing a robe (moderately wounded, constricting you, fast) Attack!
The greater naga hits you with a spear.
* * * LOW HITPOINT WARNING * * *
x2 The greater naga constricts you.
The greater naga hits you with a spear!!
* * * LOW HITPOINT WARNING * * *
x2 The greater naga constricts you.
The naga sharpshooter casts a spell.
The naga sharpshooter magically shoots a bolt.
The bolt hits you!
You die...

#######......#
.........N....#
...NN....>)...##
##########.....#
##.NN.##
#(NN..###
##.N....###
##..N....#
##..@...#
###.(..# ##...#
#...#
###########
##..#
..........# #..#
..........##
#..#
######.....#
#..# ##....#
#..#


You could see a greater naga, 2 naga sharpshooters, a naga, a friendly naga
warrior and a friendly naga sharpshooter.

Vanquished Creatures
  Saint Roka (Snake:3)
  Nikola (Snake:2)
  3 thorn hunters (Swamp:5)
  Frances (D:14)
  A frost giant (D:15)
  Maud (Lair:5)
  Louise (D:15)
  A very ugly thing (D:14)
  A dire elephant (Lair:8)
  A minotaur (Lab)
  A fire dragon (Lair:7)
  Fannar (Lair:5)
  8 naga warriors
  8 centaur warriors
  19 hydras
  10 alligators
  3 shambling mangroves
  3 death yaks (Lair:8)
  2 dancing weapons (D:13)
  A deep troll shaman (Lair:8)
  6 anacondas
  A naga sharpshooter (Snake:1)
  4 shock serpents
  A catoblepas (Lair:8)
  A sea snake (Snake:2)
  A salamander mystic (Snake:3)
  5 unseen horrors
  A naga ritualist (Snake:4)
  An ice statue (IceCv)
  2 spriggan druids
  11 swamp dragons
  Pikel (D:6)
  4 hill giants
  4 mana vipers
  5 griffons
  3 cyclopes
  2 oklob plants
  An orc sorcerer (Snake:3)
  2 red wasps
  29 black mambas
  21 elephants
  11 salamanders
  A manticore (D:15)
  12 naga magi
  2 spiny frogs (shapeshifter) (D:15)
  12 ugly things
  A gargoyle (D:12)
  A guardian serpent (Snake:4)
  A centaur skeleton (D:15)
  A queen ant (Lair:3)
  6 kobold demonologists (D:15)
  26 spiny frogs
  An efreet (D:14)
  A komodo dragon (shapeshifter) (D:14)
  2 guardian mummies (D:10)
  A yaktaur (D:15)
  8 fire drakes
  7 komodo dragons
  3 polar bears
  A wandering mushroom (Lair:7)
  10 baby alligators
  4 trolls
  11 giant leeches
  18 blink frogs
  16 slime creatures
  3 bog bodies
  3 ravens
  11 spriggans
  2 shadows
  6 basilisks
  2 boulder beetles
  2 wraiths
  4 wyverns
  43 yaks
  A deep elf mage (D:11)
  A trapdoor spider (D:14)
  A hungry ghost (D:14)
  The ghost of Afay the Shield-Bearer, an average MiFi of Zin (D:4)
  A vampire (D:14)
  32 vampire mosquitoes
  A deep elf fighter (D:11)
  10 hippogriffs
  32 nagas
  22 wolves
  33 water moccasins
  21 swamp worms
  The ghost of ciphuk the Gusty, an average HEAE of Okawaru (D:5)
  8 soldier ants
  A mottled dragon (D:15)
  7 porcupines
  16 ice beasts
  10 orc warriors
  A slave (D:6)
  14 swamp drakes
  5 phantoms
  3 black bears
  4 sky beasts
  2 boring beetles
  6 ogres
  2 necrophages
  14 yellow wasps
  Sigmund (D:4)
  Duvessa (D:4)
  22 centaurs
  5 big kobolds
  10 crocodiles
  An earth elemental (D:12)
  5 insubstantial wisps (Swamp:2)
  16 giant frogs
  A wyvern skeleton (D:9)
  A hippogriff zombie (D:9)
  11 killer bees
  A cyclops skeleton (D:9)
  2 scorpions
  An eye of draining (D:14)
  A troll zombie (D:12)
  3 hippogriff skeletons
  4 electric eels
  A yak skeleton (D:9)
  2 goliath beetles (D:10)
  Dowan (D:4)
  10 crimson imps
  An elf zombie (D:10)
  10 orc priests
  10 hounds
  8 jellies
  4 quasits
  12 orc wizards
  8 iguanas
  30 worker ants
  A big kobold zombie (D:10)
  Ijyb (D:3)
  A big kobold skeleton (D:6)
  A hound skeleton (D:7)
  A hound zombie (D:11)
  50 green rats
  27 adders
  4 gnolls (D:7)
  An orc zombie (D:12)
  A giant mite (D:11)
  2 shadow imps
  2 worms
  An iguana skeleton (D:8)
  5 giant geckos
  2 oozes
  54 orcs
  4 giant cockroaches
  18 hobgoblins
  7 jackals
  21 quokkas
  3 ball pythons
  29 bats
  5 giant newts
  17 goblins
  A goblin skeleton (D:4)
  20 kobolds
  2 orc skeletons
  25 rats
  3 ballistomycetes (D:9)
  2 briar patches (Swamp:5)
  A bush (Lair:6)
1152 creatures vanquished.

Vanquished Creatures (collateral kills)
  A hydra (Swamp:5)
  A naga warrior (Snake:3)
  A spriggan druid (Swamp:5)
  A swamp dragon (Swamp:5)
  A naga ritualist (Snake:1)
  2 black mambas (Snake:3)
  A guardian serpent (Snake:3)
  A gargoyle (D:11)
  A naga mage (Snake:1)
  A giant leech (Swamp:5)
  A bog body (Swamp:5)
  2 nagas
  A swamp drake (Swamp:5)
  2 green rats (D:11)
17 creatures vanquished.

Vanquished Creatures (others)
  A vampire mosquito (Swamp:5)
  A quokka (Lair:1)
  A giant spore (D:9)
  5 fungi
8 creatures vanquished.

Grand Total: 1177 creatures vanquished

Notes
Turn   | Place    | Note
--------------------------------------------------------------
     0 | D:1      | PolkaDot, the Vampire Enchanter, began the quest for the Orb.
     0 | D:1      | Reached XP level 1. HP: 13/13 MP: 3/3
   439 | D:1      | Reached XP level 2. HP: 19/19 MP: 4/4
   443 | D:1      | Learned a level 2 spell: Ensorcelled Hibernation
   514 | D:1      | Reached skill level 5 in Hexes
  1281 | D:1      | Reached XP level 3. HP: 24/24 MP: 6/6
  1286 | D:1      | Learned a level 3 spell: Confuse
  1639 | D:2      | Reached skill level 1 in Ice Magic
  1862 | D:2      | Found a shattered altar of Ashenzari.
  2048 | D:2      | Reached skill level 5 in Stealth
  2383 | D:3      | Reached XP level 4. HP: 30/30 MP: 7/7
  2584 | D:3      | Found a deep blue altar of Sif Muna.
  2620 | D:3      | Found a sparkling altar of Nemelex Xobeh.
  2629 | D:3      | Became a worshipper of Sif Muna the Loreminder
  2672 | D:3      | Reached skill level 6 in Hexes
  3039 | D:3      | Noticed Ijyb
  3059 | D:3      | Killed Ijyb
  3086 | D:3      | Reached XP level 5. HP: 19/35 MP: 2/9
  3282 | D:3      | Learned a level 2 spell: Sure Blade
  3321 | D:3      | Found a shimmering altar of Xom.
  3335 | D:3      | Found an ancient bone altar of Kikubaaqudgha.
  3337 | D:3      | Found an iron altar of Okawaru.
  3751 | D:4      | Found Goreah's Book Boutique.
  3838 | D:4      | Noticed Afay's ghost (average MiFi)
  3922 | D:4      | Killed Afay's ghost
  3922 | D:4      | Reached skill level 7 in Hexes
  3922 | D:4      | Reached XP level 6. HP: 16/41 MP: 2/10
  4310 | D:4      | Noticed Dowan
  4314 | D:4      | Noticed Duvessa
  4316 | D:4      | Killed Dowan
  4316 | D:4      | Reached skill level 8 in Hexes
  4319 | D:4      | Found a blossoming altar of Fedhas.
  4334 | D:4      | Killed Duvessa
  4468 | D:4      | Acquired Sif Muna's first power
  4468 | D:4      | Reached XP level 7. HP: 46/46 MP: 6/12
  4566 | D:4      | Noticed Sigmund
  4600 | D:4      | Killed Sigmund
  4618 | D:4      | Reached skill level 5 in Short Blades
  4919 | D:5      | Entered Level 5 of the Dungeon
  4919 | D:5      | Noticed ciphuk's ghost (average HEAE)
  4921 | D:5      | Reached skill level 9 in Hexes
  4929 | D:5      | Killed ciphuk's ghost
  5008 | D:5      | Found a glowing silver altar of Zin.
  5008 | D:5      | Found an opulent altar of Gozag.
  5012 | D:5      | Reached XP level 8. HP: 52/52 MP: 8/13
  5584 | D:6      | Found a staircase to the Ecumenical Temple.
  5588 | Temple   | Entered the Ecumenical Temple
  5717 | D:6      | Noticed Pikel
  5726 | D:6      | Killed Pikel
  5726 | D:6      | Reached skill level 10 in Hexes
  6338 | D:6      | Found a burning altar of Makhleb.
  6339 | D:6      | Found a radiant altar of Vehumet.
  6445 | D:7      | Noticed a cyclops
  6447 | D:7      | Reached XP level 9. HP: 57/57 MP: 14/14
  6462 | D:7      | Killed a cyclops
  6462 | D:7      | Reached skill level 10 in Stealth
  6570 | D:7      | Learned a level 4 spell: Enslavement
  6647 | D:7      | Reached skill level 11 in Hexes
  7321 | D:8      | Found Kaeneoro's Antique Weapon Emporium.
  7339 | D:8      | Reached skill level 10 in Short Blades
  7353 | D:8      | Found Khyan's Assorted Antiques.
  7385 | D:8      | Acquired Sif Muna's second power
  7419 | D:8      | Found Utevaloxt's Distillery.
  7657 | D:8      | Reached skill level 12 in Hexes
  7711 | D:8      | Found Blul's Serpentskin Sales.
  7716 | D:8      | Reached XP level 10. HP: 63/63 MP: 16/16
  8099 | D:9      | Found Gratwit's Book Shop.
  8429 | D:9      | Found a staircase to the Orcish Mines.
  8887 | D:10     | Entered Level 10 of the Dungeon
  9094 | D:10     | Noticed a hill giant
  9109 | D:10     | Killed a hill giant
  9216 | D:10     | Found a portal to a secret trove of treasure.
  9371 | D:10     | Reached skill level 13 in Hexes
  9526 | D:10     | Found a white marble altar of Elyvilon.
  9527 | D:10     | Noticed an oklob plant
  9593 | D:10     | Noticed a centaur warrior
  9598 | D:10     | Killed a centaur warrior
  9719 | D:10     | Noticed an unseen horror
  9724 | D:10     | Killed an unseen horror
  9724 | D:10     | Reached XP level 11. HP: 68/68 MP: 17/17
 10347 | D:9      | Bought a book of Wizardry for 390 gold pieces
 10786 | D:11     | Found a staircase to the Lair.
 11545 | D:11     | Reached skill level 14 in Hexes
 11562 | D:11     | Learned a level 6 spell: Invisibility
 11737 | D:12     | Found Viatawe's Antique Armour Boutique.
 12014 | D:12     | Noticed an unseen horror
 12022 | D:12     | Killed an unseen horror
 12141 | D:12     | Noticed an unseen horror
 12144 | D:12     | Killed an unseen horror
 12232 | D:12     | Found a deep blue altar of Sif Muna.
 12815 | Lair:1   | Entered Level 1 of the Lair of Beasts
 13357 | D:12     | Bought a warped robe for 193 gold pieces
 13368 | D:12     | Identified the +0 robe "Jauruqed" {Slay+5} (You bought it in a shop on level 12 of the Dungeon)
 13484 | Lair:1   | Reached XP level 12. HP: 74/74 MP: 20/23
 13680 | Lair:1   | Reached skill level 15 in Hexes
 14116 | Lair:2   | Reached skill level 15 in Stealth
 14196 | Lair:2   | Noticed a seven-headed hydra
 14206 | Lair:2   | Killed a seven-headed hydra
 14745 | Lair:3   | Found a labyrinth entrance.
 14751 | Lab      | Entered a labyrinth
 15025 | Lab      | Noticed a minotaur
 15033 | Lab      | Killed a minotaur
 15044 | Lab      | Identified Ceisub's Collected Works on Flying Orientation
 15049 | Lab      | Identified the Tome of Bewitchment
 15075 | Lair:3   | Learned a level 1 spell: Apportation
 15347 | Lair:3   | Acquired Sif Muna's third power
 15462 | Lair:3   | Reached skill level 5 in Spellcasting
 15622 | Lair:3   | Reached skill level 16 in Hexes
 15886 | Lair:3   | Found a staircase to the Swamp.
 16369 | Lair:4   | Found a staircase to the Snake Pit.
 16405 | Lair:4   | Reached XP level 13. HP: 79/79 MP: 22/27
 16648 | Lair:4   | Learned a level 6 spell: Freezing Cloud
 17240 | Lair:5   | Reached skill level 1 in Air Magic
 17335 | Lair:5   | Reached skill level 5 in Ice Magic
 17387 | Lair:5   | Received a gift from Sif Muna
 17393 | Lair:5   | Identified Sif Muna's Arcane Arts Continued {god gift} (Sif Muna gifted it to you on level 5 of the Lair of Beasts)
 17449 | Lair:5   | Noticed Maud
 17465 | Lair:5   | Killed Maud
 17662 | Lair:5   | Noticed Fannar
 17670 | Lair:5   | Killed Fannar
 18289 | Lair:6   | Reached skill level 5 in Air Magic
 18363 | Lair:6   | Reached skill level 1 in Conjurations
 18867 | Lair:7   | Got a warped scale mail
 18963 | Lair:7   | Found a frozen archway.
 18978 | IceCv    | Entered an ice cave
 19096 | IceCv    | Received a gift from Sif Muna
 19303 | Lair:7   | Gained mutation: Your system is resistant to poisons. [potion of mutation]
 19303 | Lair:7   | Gained mutation: Potions and wands are less effective at restoring your health. [potion of mutation]
 19303 | Lair:7   | Gained mutation: You are partially covered in molten scales (AC +1). [potion of mutation]
 19304 | Lair:7   | Lost mutation: Your system is resistant to poisons. [potion of cure mutation]
 19304 | Lair:7   | Lost mutation: You are partially covered in molten scales (AC +1). [potion of cure mutation]
 19304 | Lair:7   | Lost mutation: Potions and wands are less effective at restoring your health. [potion of cure mutation]
 19485 | Lair:7   | Reached XP level 14. HP: 59/85 MP: 28/30
 19943 | Lair:7   | Found a staircase to the Slime Pits.
 20414 | Lair:8   | Entered Level 8 of the Lair of Beasts
 20754 | Lair:8   | Received a gift from Sif Muna
 20754 | Lair:8   | Reached skill level 5 in Conjurations
 20755 | Lair:8   | Identified Reclesann's Disquisition on Creative Bewitchment {god gift} (Sif Muna gifted it to you on level 8 of the Lair of Beasts)
 22001 | D:13     | Received a gift from Sif Muna
 22060 | D:13     | Found a shadowy altar of Dithmenos.
 22421 | D:13     | Found a gate to the Vaults.
 23547 | D:14     | Reached XP level 15. HP: 84/90 MP: 7/31
 23646 | D:14     | Noticed Frances
 23654 | D:14     | Killed Frances
 23769 | D:14     | Received a gift from Sif Muna
 24054 | D:15     | Entered Level 15 of the Dungeon
 24088 | D:15     | Learned a level 9 spell: Dragon's Call
 24134 | D:15     | Reached skill level 1 in Summonings
 24348 | D:15     | Reached skill level 10 in Ice Magic
 24427 | D:15     | Learned a level 5 spell: Silence
 25096 | D:15     | Found a staircase to the Depths.
 25156 | D:15     | Noticed Louise
 25180 | D:15     | Killed Louise
 25844 | Swamp:1  | Entered Level 1 of the Swamp
 26770 | Swamp:2  | Reached skill level 5 in Summonings
 26831 | Swamp:2  | Learned a level 3 spell: Flight
 28063 | Swamp:3  | Reached skill level 17 in Stealth
 28063 | Swamp:3  | Reached XP level 16. HP: 96/96 MP: 32/32
 28814 | Swamp:3  | Identified a scroll of acquirement
 29202 | Swamp:4  | Learned a level 4 spell: Enslavement
 29808 | Swamp:5  | Entered Level 5 of the Swamp
 29812 | Swamp:5  | Received a gift from Sif Muna
 29813 | Swamp:5  | Identified Sif Muna's Almanac of Icy Enchantment {god gift} (Sif Muna gifted it to you on level 5 of the Swamp)
 30335 | Swamp:5  | Got a decaying rune of Zot
 30375 | Swamp:5  | Reached skill level 18 in Stealth
 30858 | Swamp:5  | Received a gift from Sif Muna
 30859 | Swamp:5  | Identified Sif Muna's Incunabulum of Creative Bewitchment {god gift} (Sif Muna gifted it to you on level 5 of the Swamp)
 30949 | Swamp:3  | Reached skill level 10 in Summonings
 31548 | D:4      | Bought a manual of Armour for 1324 gold pieces
 31919 | D:10     | Killed an oklob plant
 32156 | Snake:1  | Entered Level 1 of the Snake Pit
 32309 | Snake:1  | Reached skill level 1 in Armour
 32908 | Snake:1  | Got a shimmering chain mail
 32919 | Snake:1  | Identified the +4 chain mail "Facitoesm" {Dex+3 Int+3} (You found it on level 1 of the Snake Pit)
 33139 | Snake:1  | Reached XP level 17. HP: 78/101 MP: 14/33
 34080 | Snake:2  | Noticed Nikola
 34139 | Snake:2  | Killed Nikola
 34146 | Snake:2  | Got a pair of twisted gloves
 34157 | Snake:2  | Identified the +1 pair of gloves "Norphewn" {Str+4 Dex+5} (You took it off Nikola on level 2 of the Snake Pit)
 34433 | Snake:2  | Reached skill level 5 in Armour
 35152 | Snake:3  | Noticed Saint Roka
 35156 | Snake:3  | Killed Saint Roka
 35163 | Snake:3  | Received a gift from Sif Muna
 35164 | Snake:3  | Identified Sif Muna's Catalogue of Enchanting Confrontation {god gift} (Sif Muna gifted it to you on level 3 of the Snake Pit)
 35888 | Snake:4  | Found Hiyfite's General Store.
 36489 | Snake:4  | Shot with a bolt by a naga sharpshooter

Action                   |  1- 3 |  4- 6 |  7- 9 | 10-12 | 13-15 | 16-18 || total
-------------------------+-------+-------+-------+-------+-------+-------++-------
Melee: Dagger            |    88 |   154 |   207 |   633 |  1081 |   665 ||  2828
       Unarmed           |       |       |       |     1 |       |       ||     1
Throw: Throwing net      |       |       |       |       |       |     1 ||     1
 Cast: Corona            |     8 |     3 |     1 |     1 |     3 |     5 ||    21
       Ensorcelled Hiber |    34 |    39 |    62 |   114 |    87 |    79 ||   415
       Confuse           |       |     4 |    15 |    32 |    20 |    24 ||    95
       Enslavement       |       |       |       |    11 |     3 |    40 ||    54
       Invisibility      |       |       |       |     9 |    29 |    16 ||    54
       Sure Blade        |       |       |       |     1 |       |       ||     1
       Freezing Cloud    |       |       |       |       |     2 |       ||     2
       Flight            |       |       |       |       |     9 |    35 ||    44
       Silence           |       |       |       |       |     3 |       ||     3
Invok: Channel Energy    |       |       |    75 |    97 |    41 |    68 ||   281
       Forget Spell      |       |       |       |       |     1 |       ||     1
 Abil: End Transformatio |       |       |       |     3 |       |       ||     3
       Bat Form          |       |       |       |     3 |       |       ||     3
Evoke: Wand              |       |       |     2 |     3 |     6 |    10 ||    21
  Use: Scroll            |       |     6 |     4 |    27 |    20 |    12 ||    69
       Potion            |       |     1 |       |     2 |     8 |    13 ||    24
 Stab: Sleeping          |    37 |    35 |    72 |   172 |   222 |   126 ||   664
       Confused          |       |     6 |     7 |    20 |    15 |    14 ||    62
       Distracted        |       |       |       |     5 |       |     4 ||     9
       Betrayed ally     |       |       |       |     1 |     2 |     6 ||     9
       Invisible         |       |       |       |    13 |    49 |    42 ||   104
       Petrified         |       |       |       |       |     1 |       ||     1
       Held in net/web   |       |       |       |       |       |     1 ||     1
  Eat: Corpse            |       |       |       |     1 |       |     2 ||     3
